 Dungeon Crawl Stone Soup version 0.25-a0-668-gea548f19b6 (webtiles) character file.

Game seed: 8604102231939613032, levelgen mode: deterministic

397 Murumi the Shield-Bearer (level 7, -9/55 HPs)
             Began as a Formicid Fighter on Mar 28, 2020.
             Killed from afar by a steam dragon (23 damage)
             ... with a ball of steam
             ... on level 7 of the Dungeon.
             The game lasted 00:21:44 (3356 turns).

Murumi the Shield-Bearer (Formicid Fighter)         Turns: 3356, Time: 00:21:45

Health: -9/55      AC: 13    Str: 21    XL:     7   Next: 10%
Magic:  8/8        EV:  5    Int:  9    God:
Gold:   180        SH: 15    Dex: 10    Spells: 6/6 levels left

rFire    . . .     SeeInvis +   a - +1 long sword
rCold    + . .     Gourm    .   c - +0 kite shield
rNeg     . . .     Faith    .   j - +0 plate armour
rPois    .         Spirit   .   (helmet unavailable)
rElec    .         Reflect  +   (no cloak)
rCorr    +         Harm     .   g - +0 pair of gloves
MR       .....                  (no boots)
Stlth    ..........             n - +5 amulet of reflection
HPRegen  0.18/turn              b - ring of resist corrosion
MPRegen  0.11/turn              p - ring of protection from cold

@: mighty
A: permanent stasis, dig shafts and tunnels, four strong arms, antennae 3
a: Dig, Shaft Self


You were on level 7 of the Dungeon.
You were hungry.

You visited 1 branch of the dungeon, and saw 5 of its levels.

You collected 180 gold pieces.

Inventory:

Hand Weapons
 a - a +1 long sword (weapon)
Missiles
 h - 25 bolts
Armour
 c - a +0 kite shield (worn)
 g - a +0 pair of gloves (worn)
 j - a +0 plate armour (worn)
Jewellery
 b - a ring of resist corrosion (left hand)
 n - a +5 amulet of reflection (around neck)
 p - a ring of protection from cold (right hand)
Wands
 k - a wand of acid (5)
 l - a wand of random effects (19)
 m - a wand of digging (4)
Scrolls
 e - 5 scrolls of remove curse
Potions
 i - a potion of resistance {unknown}
 o - 2 potions of flight
 q - a potion of brilliance {unknown}
 r - 2 potions of curing {unknown}
Comestibles
 f - 7 rations


   Skills:
 + Level 4.7 Fighting
 - Level 4.1 Long Blades
 - Level 4.2 Armour
 - Level 1.0 Dodging
 - Level 5.2 Shields
 - Level 2.1 Evocations


You had 6 spell levels left.
You didn't know any spells.
Your spell library was empty.

Dungeon Overview and Level Annotations

Branches:
Dungeon (4/15)
 Temple: D:4-7

Altars:
Sif Muna


Innate Abilities, Weirdness & Mutations

You cannot be hasted, slowed, berserked, paralysed or teleported.
You can dig through walls and to a lower floor.
Your four strong arms can wield two-handed weapons with a shield.
You have a pair of large antennae on your head. (SInv)


Message History

You hit the steam dragon.
The steam dragon is lightly wounded.
The steam dragon breathes steam at you. The ball of steam hits you!
* * * LOW HITPOINT WARNING * * *
You block the steam dragon's attack.
The steam dragon claws you but does no damage.
You feel very mighty all of a sudden.
You are engulfed in a cloud of scalding steam.
* * * LOW HITPOINT WARNING * * *
You block the steam dragon's attack.
The steam dragon claws you but does no damage.
You slash the steam dragon!
The steam dragon is heavily wounded.
The steam dragon barely misses you. You block the steam dragon's attack.
You closely miss the steam dragon.
The steam dragon is heavily wounded.
The steam dragon breathes steam at you. The ball of steam hits you!!
You die...

.. ##.. #...#
....# #...##
#...#######.
#.......§..
###D@.§§....
##)#....§....
#.#..........
###..(.......
###............
................
.............(..
.........#......
...###........##


You could see a steam dragon.

Vanquished Creatures
  A centaur (D:7)
  A water moccasin zombie (D:7)
  Jessica (D:3)
  Ijyb (D:2)
  Natasha (thrice) (D:3)
  A worker ant (D:4)
  Robin (D:2)
  2 adders (D:2)
  An ooze (D:2)
  A worm (D:2)
  A dart slug (D:3)
  3 leopard geckos
  4 orcs
  3 bats (D:1)
  5 giant cockroaches
  10 hobgoblins
  4 jackals (D:1)
  5 kobolds
  2 quokkas
  2 frilled lizards (D:1)
  18 goblins
  5 rats
75 creatures vanquished.

Vanquished Creatures (others)
  A goblin (D:3)
1 creature vanquished.

Grand Total: 76 creatures vanquished

Notes
Turn   | Place    | Note
-------+----------+-------------------------------------------
     0 | D:1      | Murumi the Formicid Fighter began the quest for the Orb.
     0 | D:1      | Reached XP level 1. HP: 18/18 MP: 1/1
   247 | D:1      | Reached skill level 1 in Dodging
   344 | D:1      | Reached XP level 2. HP: 24/24 MP: 2/2
   349 | D:1      | Reached skill level 4 in Shields
   757 | D:1      | Reached XP level 3. HP: 27/29 MP: 3/3
  1517 | D:2      | Reached XP level 4. HP: 29/37 MP: 4/4
  1635 | D:2      | Noticed Robin
  1652 | D:2      | Killed Robin
  1685 | D:2      | Reached skill level 1 in Evocations
  1947 | D:2      | Reached XP level 5. HP: 27/42 MP: 5/5
  2351 | D:2      | Found a shimmering blue altar of Sif Muna.
  2358 | D:3      | Noticed Ijyb
  2380 | D:2      | Killed Ijyb
  2477 | D:3      | Noticed Jessica
  2489 | D:3      | Killed Jessica
  2649 | D:3      | Noticed Natasha
  2662 | D:3      | Killed Natasha
  2730 | D:3      | Reached XP level 6. HP: 48/48 MP: 7/7
  2813 | D:3      | Noticed Natasha
  2825 | D:3      | Killed Natasha
  2952 | D:3      | Noticed Natasha
  2971 | D:3      | Killed Natasha
  2971 | D:3      | Reached skill level 5 in Shields
  3306 | D:4      | You fall into a shaft and drop 3 floors!
  3329 | D:7      | Reached XP level 7. HP: 49/55 MP: 8/8
  3347 | D:7      | Noticed a steam dragon
  3356 | D:7      | Killed from afar by a steam dragon

Levels and vault maps discovered:
D:1:      kilobyte_arrival_exit_the_forest, layout_loops_corners
D:2:      layout_rooms, nicolae_overflow_hidden_temple, serial_corexii_hall,
          corexii_hall_statues_deadend, corexii_hall_statues_t, uniq_robin
D:3:      layout_basic, first_ration, uniq_natasha, uniq_jessica, uniq_ijyb
D:4:      layout_basic, kennysheep_slug_shrine
D:7:      lemuel_slime, layout_layer_cave, grunt_livestock, hangedman_ru_absence

Skill      XL: |  1  2  3  4  5  6 |
---------------+-------------------+-----
Dodging        | 1 |  1.0
Shields        | 4 5 |  5.2
Long Blades    | 3 4 |  4.1
Fighting       | 4 |  4.7
Evocations     | 1 2 |  2.1
Armour         | 4 |  4.2

Action                   |  1- 3 |  4- 6 |  7- 9 || total
-------------------------+-------+-------+-------++-------
Melee: Long sword        |   112 |   199 |     5 ||   316
 Abil: Dig               |       |     3 |       ||     3
  Use: Scroll            |     2 |     4 |       ||     6
       Potion            |       |     1 |     1 ||     2
  Eat: Chunk             |     2 |     6 |       ||     8
Armor: Scale mail        |    36 |       |       ||    36
       Plate armour      |    18 |    85 |     6 ||   109
Dodge: Dodged            |    25 |    20 |     5 ||    50
Block: Kite shield       |    45 |   128 |     5 ||   178
       Reflection        |       |     5 |       ||     5
       Rpst.: Long sword |     5 |    12 |     1 ||    18

Table legend:
 A = Non-vault XP
 B = Vault XP
 C = Vault XP percentage of total XP
 D = Non-vault monster count
 E = Vault monster count
 F = Vault count percentage of total count
                 A         B        C        D         E       F
            +---------+---------+-------+---------+---------+-------
      Total |     426 |     142 |  25.0 |      61 |      14 |  18.7
            +---------+---------+-------+---------+---------+-------
        D:1 |      43 |       0 |   0.0 |      26 |       0 |   0.0
        D:2 |      69 |      70 |  50.4 |      20 |      12 |  37.5
        D:3 |      87 |      72 |  45.3 |       9 |       2 |  18.2
        D:4 |      42 |       0 |   0.0 |       4 |       0 |   0.0
        D:7 |     185 |       0 |   0.0 |       2 |       0 |   0.0
            +---------+---------+-------+---------+---------+-------
